 Dungeon Crawl Stone Soup version 0.29.1-12-g30fa7ad0bf (webtiles) character file.

Game seed: 8462246530801574479

21 EarthwalkerPL the Covered (level 2, -11/27 HPs)
             Began as a Minotaur Fighter on Dec 23, 2022.
             Engulfed by a cloud of flame (22 damage)
             ... on level 1 of the Dungeon.
             The game lasted 00:00:56 (558 turns).

EarthwalkerPL the Covered (Minotaur Fighter)         Turns: 558, Time: 00:00:57

Health: -11/27     AC:  7    Str: 20    XL:     2   Next: 65%
Magic:  1/1        EV:  9    Int:  5    God:
Gold:   69         SH:  4    Dex:  9    Spells: 1/1 levels left

rFire   . . .      SeeInvis .   a - +0 war axe
rCold   . . .      Faith    .   c - +0 buckler
rNeg    + . .      Spirit   .   b - +0 scale mail
rPois   .          Reflect  .   (helmet restricted)
rElec   .          Harm     .   (no cloak)
rCorr   .          Rampage  .   (no gloves)
Will    .....                   (no boots)
Stlth   ..........              (no amulet)
HPRegen 0.09/turn               g - ring of positive energy
MPRegen 0.07/turn               (no ring)

@: no status effects
A: horns 2, retaliatory headbutt
a: no special abilities


You were on level 1 of the Dungeon.
You visited 1 branch of the dungeon, and saw 1 of its levels.

You collected 69 gold pieces.

Inventory:

Hand Weapons
 a - a +0 war axe (weapon)
Armour
 b - a +0 scale mail (worn)
 c - a +0 buckler (worn)
Jewellery
 g - a ring of positive energy (left hand)
Scrolls
 h - 2 scrolls of teleportation {unknown}
 j - a scroll of immolation {unknown}
Potions
 d - a potion of might
 e - a potion of cancellation {unknown}
 f - a potion of attraction {unknown}
 i - a potion of resistance {unknown}


   Skills:
 * Level 3.9 Fighting
 * Level 2.8 Axes
 * Level 3.9 Armour
 * Level 1.0 Dodging
 * Level 3.9 Shields


You had one spell level left.
You didn't know any spells.
Your spell library contained the following spells:

 Spells                   Type           Power      Damage    Failure   Level
 Poisonous Vapours        Pois/Air       0%         N/A       96%         2
 Corpse Rot               Necr/Pois/Air  0%         N/A       100%        4


Dungeon Overview and Level Annotations

Branches:
Dungeon (1/15)

Altars:


Innate Abilities, Weirdness & Mutations

You have a pair of horns on your head.
You reflexively headbutt those who attack you in melee.


Message History

No target in view!
You now have 69 gold pieces (gained 16).
There is a stone staircase leading down here.
A quokka comes into view.
A rat comes into view.
You slash the quokka!
You kill the quokka!
You slash the rat!
You kill the rat!
No target in view!
No target in view!
No target in view!
No target in view!
No target in view!
No target in view!
No target in view!
No target in view!
You see here a quokka corpse.
A bat comes into view.
A bat is nearby!
The bat hits you but does no damage.
You closely miss the bat. You block the bat's attack.
The bat hits you but does no damage.
You barely miss the bat. The bat barely misses you. The bat barely misses you.
You furiously retaliate!
You headbutt the bat.
You kill the bat!
No target in view!
A kobold comes into view. It is wielding a +0 whip.
Found three items.
The kobold barely misses you.
You hit the kobold.
You kill the kobold!
Your Dodging skill increases to level 1!
No target in view!
Really walk into a travel-excluded area?
Found a scroll labelled INOSHE MIXISM.
You are engulfed in blazing flames.
Ouch! That really hurt!
You are engulfed in blazing flames.
Ouch! That really hurt!
You die...

#.# #.# ##.# #..#
#..##################
#..##...............#
#..#..#####)..#####.#
#....## #§§○#
######†#.## #@○☼#
...##..#.# #§§☼#
....#.##.# #...#
......##.# .[.?..
......##.# ..?...☼○
......##.# §...?.§§§.
....#.##.#
###...#####
......##.# #.§§#
.....###..


There were no monsters in sight!

Vanquished Creatures
  A dart slug (D:1)
  2 endoplasms (D:1)
  2 giant cockroaches (D:1)
  2 hobgoblins (D:1)
  A quokka (D:1)
  3 ball pythons (D:1)
  2 bats (D:1)
  2 frilled lizards (D:1)
  3 kobolds (D:1)
  2 rats (D:1)
20 creatures vanquished.

Notes
Turn   | Place    | Note
-------+----------+-------------------------------------------
     0 | D:1      | EarthwalkerPL the Minotaur Fighter began the quest for the
                  | Orb.
     0 | D:1      | Reached XP level 1. HP: 19/19 MP: 0/0
   271 | D:1      | Reached XP level 2. HP: 25/27 MP: 1/1
   545 | D:1      | Reached skill level 1 in Dodging
   558 | D:1      | Engulfed by a cloud of flame

Illustrated notes

Levels and vault maps discovered:
D:1:      minmay_arrival_widening_spiral_wide, layout_rooms, minivault_19,
          nicolae_concentric_dashed_squares_wild, lemuel_flame_loot_1

Skill      XL: |  1  2 |
---------------+-------+-----
Dodging        | 1 |  1.0
Fighting       | |  3.9
Axes           | |  2.8
Armour         | |  3.9
Shields        | |  3.9

Action                   || total
-------------------------++-------
Melee: War axe           ||    43
       Headbutt          ||     4
Armor: Scale mail        ||    22
Dodge: Dodged            ||    27
Block: Buckler           ||     8
